cohdb
Replays
Latest Replays
All Replays
Popular Replays
Top Player Replays
Match Explorer
How It Works
Community
CoH3 Stats
Reddit
Sign in to upload your games and track your stats! →
Sign in with Steam
Match 42908448
Unlisted
Match 42908448
Overview
Messages
Build Orders
End
Construct Section Command Post
Selects Indian Artillery Battlegroup
Infantry Section
Dingo Light Scout Car
Grenade Package
Infantry Section
Construct Platoon Command Post
Infantry Section
Selects War Cry
6-pounder Anti-tank Gun Team
Selects Gurkha Rifles Section
CMP 15cwt Truck
6-pounder Anti-tank Gun Team
[HK]CTwAi
GeneralFacepalm
ПОЖИЛАЯ ТОРПЕДА
droid
Fatal
Valar[M]orgHulis
PaSuKi
Loner
0
0
Comments
sign in to comment!
No comments posted yet!